Workbook

Sheet Incremental
A1: Health and Safety Request - Hourly Services
A2: General Info | B2: Regional Center: | C2: ACRC
B3: Service Provider Name
B4: Vendor Number
B5: Vendor Address
B6: Comprable Rate Study Service | C6: Personal Assistance, 1:1
B7: Rate Study Service Code: | C7: =INDEX(SC!B:B,MATCH(C6,SC!A:A,0)) -> 062
B8: Rate Study Baseline Rate: | C8: =INDEX(Rates!B2:Z214, MATCH(C6, Rates!A2:A214, 0), MATCH(C2, Rates!B1:Z1, 0)) -> 37.1
B9: Current Hourly Rate: | C9: =C8 -> 37.1 | H9: Set to "Rate Study Baseline Rate" unless you have a higher rate
A11: Incremental Rate Calculation
A12: Direct Care Staff are frontline staff. When they work with someone for an hour, they generate one billed unit. The baseline (Non-H&S) costs are entered in the boxes on the left. The proposed wage is entered on the right. The final rate is the difference in the two costs (Column H) added to your existing rate.
A13: Baseline Costs | D13: Current | F13: Proposed | G13: Difference
A14: Direct Care Staff | B14: Direct Support Staff Wage: | D14: =C14 -> 0 | G14: =F14-D14 -> 0 | H14: Enter the wage you pay now under your current rate. This may be different than the B&A Wage Assumption. Enter the wage you need to pay on the right
B15: Fixed Payroll Costs: | C15: 0.0835 | D15: =C15*C14 -> 0 | F15: =F14*C15 -> 0 | G15: =F15-D15 -> 0 | H15: Social Security/FICA, Medicare Tax, Federal Unemployment
B16: B&A Worker's Compensation | D16: =C16*C14 -> 0 | F16: =F14*C16 -> 0 | G16: =F16-D16 -> 0 | H16: Worker's Compensation Insurance as a percentage of payroll - your insurer can give you tis percentage.
B17: State Unemployment Insurance (SUI) | D17: =C17*C14 -> 0 | F17: =F14*C17 -> 0 | G17: =F17-D17 -> 0 | H17: State Unemployment Insurance - You will receive a quote form the Employment Development Department Annually
B18: PTO Earned Per month (1 Full-time Employee) | D18: =SUM(D14:D17)*(C18/173.33) -> 0 | F18: =SUM(F14:F17)*(C18/173.33) -> 0 | G18: =F18-D18 -> 0 | H18: How many Hours of paid time off does one full-time equivalent (173.33 hours/month) eployee earn in a month?
B19: Unbillable time per month | D19: =SUM(D14:D17)*(C19/173.33) -> 0 | F19: =SUM(F14:F17)*(C19/173.33) -> 0 | G19: =F19-D19 -> 0 | H19: How many hours per month does a full time equivalent employee work, but not bill for their time? Examples would be off-site trainings, travel time to an individual's home, or program set-up time.
B20: Overtime Factor (percentage of all hours) | C20: =C47 -> 0 | D20: =SUM(D14:D17)*0.5*C20 -> 0 | F20: =C20 -> 0 | G20: =(SUM(F14:F17)*0.5*F20)-D20 -> 0 | H20: If overtime does not match the baseline, describe the Health or Safety need for the overtime. The Department may approve a rate with this cost removed
B21: Total cost per hour worked: | D21: =SUM(D14:D20) -> 0 | F21: =SUM(F14:F19)+G20 -> 0 | G21: =F21-D21 -> 0
A23: H&S Justification (Direct Care Staff) | B23: Health and Safety Justification | F23: Staffing Ratio: | G23: =INDEX(Rates!W:W,MATCH(C6,Rates!A:A,0)) -> 1:1
F24: Difference per billed unit: | G24: =G21/INDEX(Drops!B:B,MATCH(G23,Drops!A:A,0)) -> 0
F26: Starting Rate: | G26: =C9 -> 37.1
F27: Difference per unit | G27: =G24 -> 0
F28: Final Rate (before "Other" costs): | G28: =G27+G26 -> 37.1
F31: Units Billed per month:
F32: Monthly Cost: | G32: =G31*G28 -> 0
F33: Monthly Fiscal Impact | G33: =G31*G27 -> 0
A35: Other | B35: Explanation of H&S need: | F35: Cost
F36: Increased Monthly Cost | G36: 0 | H36: Cost must be substantiated with reciepts and directly related to a Health and Safety need.
F37: Cost per hour: | G37: =G36/G31 -> #DIV/0! | H37: Use the comprehensive worksheet if more than one cost.
F38: New Final Rate | G38: =G37+G28 -> #DIV/0!
A41: Reference: B&A Assumptions (as of 01/01/2026)
C42: Model | D42: Per Hour | F42: Proposed Wage | G42: Difference
A43: Rate Model | B43: Direct Support Staff Wage: | C43: =INDEX(Wages!C2:AA214, MATCH(C6, Wages!A2:A214, 0), MATCH(C2, Wages!C1:AA1, 0)) -> 17.062 | D43: =C43 -> 17.062 | F43: =F14 -> 0 | G43: =F43-D43 -> -17.062
B44: B&A Payroll & Benefits | C44: =INDEX(BenRate!C2:AV214, MATCH(C6, BenRate!A2:A214, 0), MATCH(C2, BenRate!C1:AV1, 0)) -> 0.2302 | D44: =C44*D43 -> 3.9276724 | F44: =C44*F43 -> 0 | G44: =F44-D44 -> -3.9276724
B45: B&A Worker's Compensation | C45: =INDEX(WC!C2:AA214, MATCH(C6, WC!A2:A214, 0), MATCH(C2, WC!C1:AA1, 0)) -> 0.0483 | D45: =C45*C43 -> 0.8240946 | F45: =C45*F43 -> 0 | G45: =F45-D45 -> -0.8240946
B46: B&A Productivity Factor | C46: =INDEX(PROD!C2:X214, MATCH(C6, PROD!A2:A214, 0), MATCH(C2, PROD!C1:X1, 0)) -> 1.21 | D46: =IF(C46=0,0,((C46-1)*SUM(D43:D45))) -> 4.5808911 | F46: =IF(C46=0,0,(C46-1)*SUM(F43:F45)) -> 0 | G46: =F46-D46 -> -4.5808911
B47: Overtime Factor (percentage of all hours) | C47: =INDEX(OT!B:B,MATCH(C6,OT!A:A,0)) -> 0 | D47: =SUM(D43:D46)*0.5*C47 -> 0 | F47: =SUM(F43:F46)*0.5*C47 -> 0 | G47: =F47-D47 -> 0
B48: Total cost per hour worked: | D48: =SUM(D43:D47) -> 26.394658 | F48: =SUM(F43:F47) -> 0 | G48: =SUM(G43:H47) -> -26.394658
F50: Ratio (Staff to Client) | G50: =INDEX(Rates!W:W,MATCH(C6,Rates!A:A,0)) -> 1:1
F51: Difference Per Unit: | G51: =G48/INDEX(Drops!B:B,MATCH(G50,Drops!A:A,0)) -> -26.394658
F53: Current B&A Rate: | G53: =C8 -> 37.1
F54: Difference per Unit: | G54: =G51 -> -26.394658
F55: Final Rate: | G55: =G53+G54 -> 10.705342

Sheet Comprehensive
A1: Health and Safety Request - Hourly Services
A2: General Info | B2: Regional Center: | C2: ACRC
B3: Service Provider Name | C3: =IF(ISBLANK(Incremental!C3), "", Incremental!C3)
B4: Vendor Number | C4: =IF(ISBLANK(Incremental!C4), "", Incremental!C4)
B5: Vendor Address | C5: =IF(ISBLANK(Incremental!C5), "", Incremental!C5)
B6: Comprable Rate Study Service: | C6: Personal Assistance, 1:1
B7: Service Code: | C7: =INDEX(SC!B:B,MATCH(C6,SC!A:A,0)) -> 062
B8: Staffing Ratio: | C8: =INDEX(Rates!W:W,MATCH(C6,Rates!A:A,0)) -> 1:1
B9: Rate Study Baseline Rate: | C9: =INDEX( Rates!B2:Z214, MATCH(C6, Rates!A2:A214, 0), MATCH(C2, Rates!B1:Z1, 0) ) -> 37.1
B10: Current Rate: | C10: =C9 -> 37.1 | E10: Set to "Rate Study Baseline Rate" unless you have a higher rate
B11: Hours Billed per month
A13: Comprehensive Rate Calculation
D14: Hourly
A15: Direct Care Staff | B15: Direct Support Staff Wage: | D15: =C15 -> 0
B16: Fixed payroll costs | C16: 0.0835 | D16: =C16*C15 -> 0
B17: State Unemployment Insurance | D17: =C17*C15 -> 0
B18: Worker's Compensation | D18: =C18*C15 -> 0
B19: Monthly Benefit Cost | D19: =C19/173.33 -> 0
B20: Overtime Factor (percentage of all hours) | D20: =SUM(D15:D19)*0.5*C20 -> 0
B21: Paid time off per month (1 Full time employee) | D21: =SUM(D15:D18)*C21/173.33 -> 0
B22: Unbillable time worked per month (1 Full time employee) | D22: =SUM(D15:D18)*C22/173.33 -> 0
B23: Total Cost per staff hour: | D23: =SUM(D15:D22) -> 0
B24: Hours billed per month | D24: =C11 -> 0
B25: Ratio: | D25: =C8 -> 1:1
B26: Staff Hours: | D26: =D24/INDEX(Drops!B:B,MATCH(D25,Drops!A:A,0)) -> 0
B27: Total Cost: | C27: Total: | D27: =D23*D26 -> 0
A28: Supervision (if applicable) | B28: Supervisor Staff Wage: | D28: =C28 -> 0 | E28: This should be a direct field supervisor. Leave blank for things like parent directed services or supplemental staffing if supervision is itemized below
B29: B&A Supervisor Benefit Rate: | C29: 0.0835 | D29: =C29*C28 -> 0
B30: State Unemployment Insurance | C30: =C17 -> 0 | D30: =C30*C28 -> 0
B31: Worker's Compensation | C31: =C18 -> 0 | D31: =C31*C28 -> 0
B32: Monthly Benefit Cost: | C32: =C19 -> 0 | D32: =C32/173.33 -> 0
B33: Paid time off per month (1 Full time employee) | D33: =SUM(D28:D31)*C33/173.33 -> 0
B34: Supervision hours per month for this request: | D34: =C34 -> 0 | E34: Hours per month the supervisor spends on the person in this request
B35: Total Cost: | D35: =SUM(D28:D33)*D34 -> 0
A37: Operating Costs:
A38: Only enter operations costs. Do not enter administrative costs as described in this section:
A39: Welfare and Institutions Code, Section 4629.7
C41: Full Program | D41: This Request:
B42: Percentage Allocation for Full Program Costs | D42: 0.05 | E42: What percentage of the total program budget is this request? For example, you bill 10,000 hours as an agency, and this individual bills 730. IT is 7.3% of your billing hours. You can also base this on dollar ammount or number of clients.
B44: Description | C44: Monthly Full Program Cost | D44: =TEXT(D42,"0.00%")&" Allocation" -> 5.00% Allocation
A45: Full Program Operating Costs | D45: =C45*($D$42) -> 0 | E45: Enter the cost for the whole company.
D46: =C46*($D$42) -> 0 | E46: The worksheet will give a percentage allocation.
D47: =C47*($D$42) -> 0
D48: =C48*($D$42) -> 0
D49: =C49*($D$42) -> 0
D50: =C50*($D$42) -> 0
D51: =C51*($D$42) -> 0
D52: =C52*($D$42) -> 0
D53: =C53*($D$42) -> 0
D54: =C54*($D$42) -> 0
D55: =C55*($D$42) -> 0
D56: =C56*($D$42) -> 0
D57: =C57*($D$42) -> 0
D58: =C58*($D$42) -> 0
... D64: =C64*($D$42) -> 0
C65: Total: | D65: =SUM(D45:D64) -> 0
D67: This Request
A68: Client-Specific Operating Costs | B68: Supplies/incentives for Behavioral Plan | C68: - | E68: Line 60-71 - Enter monthly costs that are for the person in the request only.
C69: -
C70: -
C71: -
C72: -
C73: -
C74: -
C75: -
C76: -
C77: -
C78: -
C79: -
C80: -
... C82: -
C83: Total: | D83: =SUM(D68:D82) -> 0
A85: Rate | B85: Monthly Operations Costs: | D85: =D83+D65+D35+D27 -> 0
B86: Administrative Percentage from Rate Study | C86: 0.12 | D86: =((D85)/(1-C86))-(D85) -> 0 | E86: 6% for supplemental staffing , parent directed, employer of record. 12% for all other requests
B87: Total Budget: | D87: =D86+D85 -> 0
B88: Direct Support Hours Worked | D88: =C11 -> 0
B89: Hourly Rate (Comprehensive) | D89: =D87/D88 -> #DIV/0!
B91: Increase | D91: =D89-C10 -> #DIV/0! | E91: =DOLLAR(D89)&" minus "&DOLLAR(C10) -> #DIV/0!
B92: Total Monthly Cost: | D92: =D89*C11 -> #DIV/0!
B93: Monthly Fiscal Impact (difference): | D93: =D91*C11 -> #DIV/0!

Sheet Drops
A1: 1:1 | B1: 1
A2: 1:2 | B2: 2
A3: 1:3 | B3: 3
A4: 1:4 | B4: 4
A5: 1:5 | B5: 5
A6: 1:6 | B6: 6
A7: 1:7 | B7: 7
A8: 1:8 | B8: 8
A9: 1:9 | B9: 9
A10: 1:10 | B10: 10
A11: 1:35+ | B11: 35
A12: 1:30-34 | B12: 32
... A16: 1:10-14 | B16: 12

Sheet Rates
A1: Title | B1: ACRC | C1: CVRC | D1: RCEB | E1: FNRC | F1: GGRC | G1: IRC | H1: KRC | I1: ELARC | J1: FDLRC | K1: HRC | L1: NLACRC | M1: SGPRC | N1: SCLARC | O1: WRC | P1: NBRC | Q1: RCOC | R1: RCRC | S1: SARC | T1: SDRC | U1: TCRC | V1: VMRC | W1: Ratio
A2: Personal Assistance, 1:1 | B2: 37.1 | C2: 37.1 | D2: 42.61 | E2: 37.1 | F2: 42.38 | G2: 37.1 | H2: 37.1 | I2: 37.8 | J2: 37.8 | K2: 38.03 | L2: 38.03 | M2: 38.03 | N2: 37.8 | O2: 37.8 | P2: 38.03 | Q2: 38.03 | R2: 37.1 | S2: 42.61 | T2: 38.03 | U2: 38.64 | V2: 37.1 | W2: 1:1
A3: Personal Assistance, 1:2 | B3: 20.61 | C3: 20.61 | D3: 23.82 | E3: 20.61 | F3: 23.52 | G3: 20.61 | H3: 20.61 | I3: 20.98 | J3: 20.98 | K3: 21.25 | L3: 21.25 | M3: 21.25 | N3: 20.98 | O3: 20.98 | P3: 21.25 | Q3: 21.25 | R3: 20.61 | S3: 23.82 | T3: 21.25 | U3: 21.46 | V3: 20.61 | W3: 1:2
A4: Personal Assistance, 1:3 | B4: 15.1 | C4: 15.1 | D4: 17.46 | E4: 15.1 | F4: 17.24 | G4: 15.1 | H4: 15.1 | I4: 15.38 | J4: 15.38 | K4: 15.58 | L4: 15.58 | M4: 15.58 | N4: 15.38 | O4: 15.38 | P4: 15.58 | Q4: 15.58 | R4: 15.1 | S4: 17.46 | T4: 15.58 | U4: 15.73 | V4: 15.1 | W4: 1:3
A5: Participant-Directed Personal Assistance, 1:1 | B5: 24.21 | C5: 24.21 | D5: 28.69 | E5: 24.21 | F5: 28.69 | G5: 24.21 | H5: 24.21 | I5: 25.33 | J5: 25.33 | K5: 25.33 | L5: 25.33 | M5: 25.33 | N5: 25.33 | O5: 25.33 | P5: 25.33 | Q5: 25.33 | R5: 24.21 | S5: 28.69 | T5: 25.33 | U5: 25.33 | V5: 24.21 | W5: 1:1
A6: Participant-Directed Personal Assistance, 1:2 | B6: 13.56 | C6: 13.56 | D6: 16.07 | E6: 13.56 | F6: 16.07 | G6: 13.56 | H6: 13.56 | I6: 14.18 | J6: 14.18 | K6: 14.18 | L6: 14.18 | M6: 14.18 | N6: 14.18 | O6: 14.18 | P6: 14.18 | Q6: 14.18 | R6: 13.56 | S6: 16.07 | T6: 14.18 | U6: 14.18 | V6: 13.56 | W6: 1:2
A7: Participant-Directed Personal Assistance, 1:3 | B7: 9.86 | C7: 9.86 | D7: 11.68 | E7: 9.86 | F7: 11.68 | G7: 9.86 | H7: 9.86 | I7: 10.32 | J7: 10.32 | K7: 10.32 | L7: 10.32 | M7: 10.32 | N7: 10.32 | O7: 10.32 | P7: 10.32 | Q7: 10.32 | R7: 9.86 | S7: 11.68 | T7: 10.32 | U7: 10.32 | V7: 9.86 | W7: 1:3
A8: Parent Coordinated Personal Assistance, 1:1 | B8: 24.21 | C8: 24.21 | D8: 28.69 | E8: 24.21 | F8: 28.69 | G8: 24.21 | H8: 24.21 | I8: 25.33 | J8: 25.33 | K8: 25.33 | L8: 25.33 | M8: 25.33 | N8: 25.33 | O8: 25.33 | P8: 25.33 | Q8: 25.33 | R8: 24.21 | S8: 28.69 | T8: 25.33 | U8: 25.33 | V8: 24.21 | W8: 1:1
A9: Parent Coordinated Personal Assistance, 1:2 | B9: 13.56 | C9: 13.56 | D9: 16.07 | E9: 13.56 | F9: 16.07 | G9: 13.56 | H9: 13.56 | I9: 14.18 | J9: 14.18 | K9: 14.18 | L9: 14.18 | M9: 14.18 | N9: 14.18 | O9: 14.18 | P9: 14.18 | Q9: 14.18 | R9: 13.56 | S9: 16.07 | T9: 14.18 | U9: 14.18 | V9: 13.56 | W9: 1:2
A10: Parent Coordinated Personal Assistance, 1:3 | B10: 9.86 | C10: 9.86 | D10: 11.68 | E10: 9.86 | F10: 11.68 | G10: 9.86 | H10: 9.86 | I10: 10.32 | J10: 10.32 | K10: 10.32 | L10: 10.32 | M10: 10.32 | N10: 10.32 | O10: 10.32 | P10: 10.32 | Q10: 10.32 | R10: 9.86 | S10: 11.68 | T10: 10.32 | U10: 10.32 | V10: 9.86 | W10: 1:3
A11: Parent Coordinated Personal Assistance, OT Rate, 1:1 | B11: 28.78 | C11: 28.78 | D11: 34.85 | E11: 28.78 | F11: 34.85 | G11: 28.78 | H11: 28.78 | I11: 30.3 | J11: 30.3 | K11: 30.3 | L11: 30.3 | M11: 30.3 | N11: 30.3 | O11: 30.3 | P11: 30.3 | Q11: 30.3 | R11: 28.78 | S11: 34.85 | T11: 30.3 | U11: 30.3 | V11: 28.78 | W11: 1:1
A12: Parent Coordinated Personal Assistance, OT Rate, 1:2 | B12: 15.83 | C12: 15.83 | D12: 19.17 | E12: 15.83 | F12: 19.17 | G12: 15.83 | H12: 15.83 | I12: 16.67 | J12: 16.67 | K12: 16.67 | L12: 16.67 | M12: 16.67 | N12: 16.67 | O12: 16.67 | P12: 16.67 | Q12: 16.67 | R12: 15.83 | S12: 19.17 | T12: 16.67 | U12: 16.67 | V12: 15.83 | W12: 1:2
A13: Parent Coordinated Personal Assistance, OT Rate, 1:3 | B13: 11.51 | C13: 11.51 | D13: 13.94 | E13: 11.51 | F13: 13.94 | G13: 11.51 | H13: 11.51 | I13: 12.12 | J13: 12.12 | K13: 12.12 | L13: 12.12 | M13: 12.12 | N13: 12.12 | O13: 12.12 | P13: 12.12 | Q13: 12.12 | R13: 11.51 | S13: 13.94 | T13: 12.12 | U13: 12.12 | V13: 11.51 | W13: 1:3
... A214: Coordinated Family Supports | B214: 66.02 | C214: 66.02 | D214: 75.94 | E214: 66.02 | F214: 74.93 | G214: 66.02 | H214: 66.02 | I214: 66.47 | J214: 66.47 | K214: 67.41 | L214: 67.41 | M214: 67.41 | N214: 66.47 | O214: 66.47 | P214: 67.41 | Q214: 67.41 | R214: 66.02 | S214: 75.94 | T214: 67.41 | U214: 68.9 | V214: 66.02 | W214: 1:1

Sheet SC
A1: Title | B1: SC | C1: Wage Lookup
A2: =Rates!A2 -> Personal Assistance, 1:1 | B2: 062 | C2: Personal Assistance | D2: PerSupp1to1
A3: =Rates!A3 -> Personal Assistance, 1:2 | B3: 062 | C3: Personal Assistance | D3: PerSupp1to2
A4: =Rates!A4 -> Personal Assistance, 1:3 | B4: 062 | C4: Personal Assistance | D4: PerSupp1to3
A5: =Rates!A5 -> Participant-Directed Personal Assistance, 1:1 | B5: 456 | C5: Participant-Directed Personal Assistance | D5: PDPerSupp1to1
A6: =Rates!A6 -> Participant-Directed Personal Assistance, 1:2 | B6: 456 | C6: Participant-Directed Personal Assistance | D6: PDPerSupp1to2
A7: =Rates!A7 -> Participant-Directed Personal Assistance, 1:3 | B7: 456 | C7: Participant-Directed Personal Assistance | D7: PDPerSupp1to3
A8: =Rates!A8 -> Parent Coordinated Personal Assistance, 1:1 | B8: 093 | C8: Parent Coordinated Personal Assistance | D8: PCPerSupp1to1
A9: =Rates!A9 -> Parent Coordinated Personal Assistance, 1:2 | B9: 093 | C9: Parent Coordinated Personal Assistance | D9: PCPerSupp1to2
A10: =Rates!A10 -> Parent Coordinated Personal Assistance, 1:3 | B10: 093 | C10: Parent Coordinated Personal Assistance | D10: PCPerSupp1to3
A11: =Rates!A11 -> Parent Coordinated Personal Assistance, OT Rate, 1:1 | B11: 093 | C11: Parent Coordinated Personal Assistance | D11: PCPerSupp1to1(OT)
A12: =Rates!A12 -> Parent Coordinated Personal Assistance, OT Rate, 1:2 | B12: 093 | C12: Parent Coordinated Personal Assistance | D12: PCPerSupp1to2(OT)
A13: =Rates!A13 -> Parent Coordinated Personal Assistance, OT Rate, 1:3 | B13: 093 | C13: Parent Coordinated Personal Assistance | D13: PCPerSupp1to3(OT)
A14: =Rates!A14 -> Independent Living Program, 1:1 | B14: 520 | C14: Independent Living Program | D14: CommLiv1to1
A15: =Rates!A15 -> Independent Living Program, 1:2 | B15: 520 | C15: Independent Living Program | D15: CommLiv1to2
A16: =Rates!A16 -> Independent Living Program, 1:3 | B16: 520 | C16: Independent Living Program | D16: CommLiv1to3
A17: =Rates!A17 -> Participant-Directed Independent Living, 1:1 | B17: 457 | C17: Participant-Directed Independent Living | D17: PDCommLiv1to1
A18: =Rates!A18 -> Participant-Directed Independent Living, 1:2 | B18: 457 | C18: Participant-Directed Independent Living | D18: PDCommLiv1to2
A19: =Rates!A19 -> Participant-Directed Independent Living, 1:3 | B19: 457 | C19: Participant-Directed Independent Living | D19: PDCommLiv1to3
A20: =Rates!A20 -> Independent Living Specialist, 1:1 | B20: 635 | C20: Independent Living Specialist | D20: IndLivSpec1to1
A21: =Rates!A21 -> Independent Living Specialist, 1:2 | B21: 635 | C21: Independent Living Specialist | D21: IndLivSpec1to2
A22: =Rates!A22 -> Independent Living Specialist, 1:3 | B22: 635 | C22: Independent Living Specialist | D22: IndLivSpec1to3
A23: =Rates!A23 -> Parent Coordinated Supported Living, 1:1 | B23: 073 | C23: Parent Coordinated Supported Living | D23: PCSuppLiv1to1
A24: =Rates!A24 -> Parent Coordinated Supported Living, 1:2 | B24: 073 | C24: Parent Coordinated Supported Living | D24: PCSuppLiv1to2
A25: =Rates!A25 -> Parent Coordinated Supported Living, 1:3 | B25: 073 | C25: Parent Coordinated Supported Living | D25: PCSuppLiv1to3
A26: =Rates!A26 -> Parent Coordinated Supported Living, OT Rate, 1:1 | B26: 073 | C26: Parent Coordinated Supported Living | D26: PCSuppLiv1to1(OT)
A27: =Rates!A27 -> Parent Coordinated Supported Living, OT Rate, 1:2 | B27: 073 | C27: Parent Coordinated Supported Living | D27: PCSuppLiv1to2(OT)
A28: =Rates!A28 -> Parent Coordinated Supported Living, OT Rate, 1:3 | B28: 073 | C28: Parent Coordinated Supported Living | D28: PCSuppLiv1to3(OT)
A29: =Rates!A29 -> Supported Living Services, 1:1 | B29: 896 | C29: Supported Living Services | D29: SuppLiv1to1
A30: =Rates!A30 -> Supported Living Services, 1:2 | B30: 896 | C30: Supported Living Services | D30: SuppLiv1to2
A31: =Rates!A31 -> Supported Living Services, 1:3 | B31: 896 | C31: Supported Living Services | D31: SuppLiv1to3
A32: =Rates!A32 -> Parenting Support Services, 1:1 | B32: 108 | C32: Parenting Support Services | D32: ParentSupp1to1
A33: =Rates!A33 -> Parenting Support Services, 1:2 | B33: 108 | C33: Parenting Support Services | D33: ParentSupp1to2
A34: =Rates!A34 -> Parenting Support Services, 1:3 | B34: 108 | C34: Parenting Support Services | D34: ParentSupp1to3
A35: =Rates!A35 -> Respite, 1:1 | B35: 862 | C35: Respite | D35: Respite1to1
A36: =Rates!A36 -> Respite, 1:2 | B36: 862 | C36: Respite | D36: Respite1to2
A37: =Rates!A37 -> Respite, 1:3 | B37: 862 | C37: Respite | D37: Respite1to3
A38: =Rates!A38 -> Respite, 1:4 | B38: 862 | C38: Respite | D38: Respite1to4
A39: =Rates!A39 -> Respite, 1:5 | B39: 862 | C39: Respite | D39: Respite1to5
A40: =Rates!A40 -> Behavioral Respite, Direct Service Professional, 1:1 | B40: 862 | D40: BehRespite
A41: =Rates!A41 -> Participant-Directed Respite, 1:1 | B41: 465 | C41: Participant-Directed Respite | D41: PDRespite1to1
A42: =Rates!A42 -> Participant-Directed Respite, 1:2 | B42: 465 | C42: Participant-Directed Respite | D42: PDRespite1to2
A43: =Rates!A43 -> Participant-Directed Respite, 1:3 | B43: 465 | C43: Participant-Directed Respite | D43: PDRespite1to3
A44: =Rates!A44 -> Participant-Directed Respite, 1:4 | B44: 465 | C44: Participant-Directed Respite | D44: PDRespite1to4
A45: =Rates!A45 -> Participant-Directed Respite, 1:5 | B45: 465 | C45: Participant-Directed Respite | D45: PDRespite1to5
A46: =Rates!A46 -> Participant-Directed Respite, OT Rate, 1:1 | B46: 465 | C46: Participant-Directed Respite | D46: PDRespite1to1(OT)
A47: =Rates!A47 -> Participant-Directed Respite, OT Rate, 1:2 | B47: 465 | C47: Participant-Directed Respite | D47: PDRespite1to2(OT)
A48: =Rates!A48 -> Participant-Directed Respite, OT Rate, 1:2 | B48: 465 | C48: Participant-Directed Respite | D48: PDRespite1to3(OT)
A49: =Rates!A49 -> Participant-Directed Respite, OT Rate, 1:4 | B49: 465 | C49: Participant-Directed Respite | D49: PDRespite1to4(OT)
A50: =Rates!A50 -> Participant-Directed Respite, OT Rate, 1:5 | B50: 465 | C50: Participant-Directed Respite | D50: PDRespite1to5(OT)
A51: =Rates!A51 -> Tutor Services, 1:1 | B51: 680 | C51: Tutor Services | D51: Tutor1to1
A52: =Rates!A52 -> Tutor Services, 1:2 | B52: 680 | C52: Tutor Services | D52: Tutor1to2
... A71: =Rates!A71 -> Medical Day Services, 1:2 | B71: 533 | C71: Medical Day Services | D71: MedDay2
A72: =Rates!A72 -> In-home/Mobile Day Program, 1:3 | B72: 091 | C72: In-home/Mobile Day Program | D72: DayInHome3
A73: =Rates!A73 -> In-home/Mobile Day Program, 1:2 | B73: 091 | C73: In-home/Mobile Day Program | D73: DayInHome2
A74: =Rates!A74 -> In-home/Mobile Day Program, 1:1 | B74: 091 | C74: In-home/Mobile Day Program | D74: DayInHome1
A75: =Rates!A75 -> Participant-Directed Community-Based Training, 1:3 | B75: 475 | C75: Participant-Directed Community-Based Training | D75: PDDay3
A76: =Rates!A76 -> Participant-Directed Community-Based Training, 1:2 | B76: 475 | C76: Participant-Directed Community-Based Training | D76: PDDay2
A77: =Rates!A77 -> Participant-Directed Community-Based Training, 1:1 | B77: 475 | C77: Participant-Directed Community-Based Training | D77: PDDay1
A78: =Rates!A78 -> Participant-Directed Community-Based Training, OT Rate, 1:3 | B78: 475 | C78: Participant-Directed Community-Based Training | D78: PDDay3(OT)
A79: =Rates!A79 -> Participant-Directed Community-Based Training, OT Rate, 1:2 | B79: 475 | C79: Participant-Directed Community-Based Training | D79: PDDay2(OT)
A80: =Rates!A80 -> Participant-Directed Community-Based Training, OT Rate, 1:1 | B80: 475 | C80: Participant-Directed Community-Based Training | D80: PDDay1(OT)
A81: =Rates!A81 -> Supplemental Day Program Support | B81: 110 | C81: Supplemental Day Program Support | D81: ProgSuppDay
A82: =Rates!A82 -> Transportation Assistant | B82: 883 | C82: Transportation Assistant | D82: TransAsst
A83: =Rates!A83 -> Supported Employment-Group, 1:8 | B83: 950 | C83: Supported Employment-Group | D83: EmpGr
A84: =Rates!A84 -> Participant-Directed Supported Employment, 1:1 | B84: 458 | C84: Participant-Directed Supported Employment | D84: PDEmp1to1
A85: =Rates!A85 -> Participant-Directed Supported Employment, 1:2 | B85: 458 | C85: Participant-Directed Supported Employment | D85: PDEmp1to2
A86: =Rates!A86 -> Participant-Directed Supported Employment, 1:3 | B86: 458 | C86: Participant-Directed Supported Employment | D86: PDEmp1to3
... A121: =Rates!A121 -> Behavior Management Consultant, 1:3 | B121: 620 | C121: Behavior Management Consultant | D121: BehMgmtConsult1to3
A122: =Rates!A122 -> Specialized Therapeutic Services, Professional, Home and Community-Based, 1:1 | B122: 116/117 | C122: Specialized Therapeutic Services, Professional | D122: 11xP1to1
A123: =Rates!A123 -> Specialized Therapeutic Services, Professional, Home and Community-Based, 1:2 | B123: 116/117 | C123: Specialized Therapeutic Services, Professional | D123: 11xP1to2
A124: =Rates!A124 -> Specialized Therapeutic Services, Professional, Home and Community-Based, 1:3 | B124: 116/117 | C124: Specialized Therapeutic Services, Professional | D124: 11xP1to3
A125: =Rates!A125 -> Specialized Therapeutic Services, Assistant, Home and Community-Based, 1:1 | B125: 116/117 | C125: Specialized Therapeutic Services, Assistant | D125: 11xA1to1
A126: =Rates!A126 -> Specialized Therapeutic Services, Assistant, Home and Community-Based, 1:2 | B126: 116/117 | C126: Specialized Therapeutic Services, Assistant | D126: 11xA1to2
A127: =Rates!A127 -> Specialized Therapeutic Services, Assistant, Home and Community-Based, 1:3 | B127: 116/117 | C127: Specialized Therapeutic Services, Assistant | D127: 11xA1to3
A128: =Rates!A128 -> Specialized Therapeutic Services, Professional, Center/Facility-Based, 1:1 | B128: 116/117 | C128: Specialized Therapeutic Services, Professional | D128: 11xPF1to1
A129: =Rates!A129 -> Specialized Therapeutic Services, Professional, Center/Facility-Based, 1:2 | B129: 116/117 | C129: Specialized Therapeutic Services, Professional | D129: 11xPF1to2
A130: =Rates!A130 -> Specialized Therapeutic Services, Professional, Center/Facility-Based, 1:3 | B130: 116/117 | C130: Specialized Therapeutic Services, Professional | D130: 11xPF1to3
A131: =Rates!A131 -> Specialized Therapeutic Services, Assistant, Center/Facility-Based, 1:1 | B131: 116/117 | C131: Specialized Therapeutic Services, Assistant | D131: 11xAF1to1
A132: =Rates!A132 -> Specialized Therapeutic Services, Assistant, Center/Facility-Based, 1:2 | B132: 116/117 | C132: Specialized Therapeutic Services, Assistant | D132: 11xAF1to2
A133: =Rates!A133 -> Specialized Therapeutic Services, Assistant, Center/Facility-Based, 1:3 | B133: 116/117 | C133: Specialized Therapeutic Services, Assistant | D133: 11xAF1to3
A134: =Rates!A134 -> Infant Development Program, Early Intervention Specialist, Home and Community-Based, 1:1 | B134: 805 | C134: Infant Development Program, Early Intervention Specialist | D134: InfDevSpecH1to1
A135: =Rates!A135 -> Infant Development Program, Early Intervention Specialist, Home and Community-Based, 1:2 | B135: 805 | C135: Infant Development Program, Early Intervention Specialist | D135: InfDevSpecH1to2
A136: =Rates!A136 -> Infant Development Program, Early Intervention Specialist, Home and Community-Based, 1:3 | B136: 805 | C136: Infant Development Program, Early Intervention Specialist | D136: InfDevSpecH1to3
A137: =Rates!A137 -> Infant Development Program, Early Intervention Assistant, Home and Community-Based, 1:1 | B137: 805 | C137: Infant Development Program, Early Intervention Assistant | D137: InfDevTechH1to1
A138: =Rates!A138 -> Infant Development Program, Early Intervention Assistant, Home and Community-Based, 1:2 | B138: 805 | C138: Infant Development Program, Early Intervention Assistant | D138: InfDevTechH1to2
A139: =Rates!A139 -> Infant Development Program, Early Intervention Assistant, Home and Community-Based, 1:3 | B139: 805 | C139: Infant Development Program, Early Intervention Assistant | D139: InfDevTechH1to3
A140: =Rates!A140 -> Infant Development Program, Early Intervention Technician, Home and Community-Based, 1:1 | B140: 805 | C140: Infant Development Program, Early Intervention Technician | D140: EITechH1to1
A141: =Rates!A141 -> Infant Development Program, Early Intervention Technician, Home and Community-Based, 1:2 | B141: 805 | C141: Infant Development Program, Early Intervention Technician | D141: EITechH1to2
A142: =Rates!A142 -> Infant Development Program, Early Intervention Technician, Home and Community-Based, 1:3 | B142: 805 | C142: Infant Development Program, Early Intervention Technician | D142: EITechH1to3
A143: =Rates!A143 -> Infant Development Program, PT/OT/SLP, Home and Community-Based, 1:1 | B143: 805 | C143: Infant Development Program, PT/OT/SLP | D143: InfDevConsH1to1
A144: =Rates!A144 -> Infant Development Program, PT/OT/SLP, Home and Community-Based, 1:2 | B144: 805 | C144: Infant Development Program, PT/OT/SLP | D144: InfDevConsH1to2
A145: =Rates!A145 -> Infant Development Program, PT/OT/SLP, Home and Community-Based, 1:3 | B145: 805 | C145: Infant Development Program, PT/OT/SLP | D145: InfDevConsH1to3
... A205: =Rates!A205 -> Infant Development Program, Psychologist, Center/Facility-Based, 1:3 | B205: 805 | C205: Infant Development Program, Psychologist | D205: InfDevPsyF1to3
A206: =Rates!A206 -> Infant Development Specialist, 1:1 | B206: 805
A207: =Rates!A207 -> Respite Service - Family Member | B207: 420
A208: =Rates!A208 -> In-Home Respite Worker | B208: 864
A209: =Rates!A209 -> Self-Directed Support Services | B209: 099 | D209: SDSupp
A210: =Rates!A210 -> ASL Training and Support | B210: 644 | D210: ASL
A211: =Rates!A211 -> Coordinated Career Pathways - Career Pathway Navigator | B211: 956 | D211: CareerPath
...

Sheet Wages
A1: Title | C1: BASE | D1: ACRC | E1: CVRC | F1: RCEB | G1: FNRC | H1: GGRC | I1: IRC | J1: KRC | K1: ELARC | L1: FDLRC | M1: HRC | N1: NLACRC | O1: SGPRC | P1: SCLARC | Q1: WRC | R1: NBRC | S1: RCOC | T1: RCRC | U1: SARC | V1: SDRC | W1: TCRC | X1: VMRC
A2: =Rates!A2 -> Personal Assistance, 1:1 | B2: PerSupp1to1 | C2: 17.96 | D2: =$C2*D$218 -> 17.062 | E2: =$C2*E218 -> 17.062 | F2: =$C2*F218 -> 20.654 | G2: =$C2*G218 -> 17.062 | H2: =$C2*H218 -> 20.654 | I2: =$C2*I218 -> 17.062 | J2: =$C2*J218 -> 17.062 | K2: =$C2*K218 -> 17.96 | L2: =$C2*L218 -> 17.96 | ... X2: =$C2*X218 -> 17.062
A3: =Rates!A3 -> Personal Assistance, 1:2 | B3: PerSupp1to2 | C3: 17.96 | D3: =$C3*D$218 -> 17.062 | E3: =$C3*E$218 -> 17.062 | F3: =$C3*F$218 -> 20.654 | G3: =$C3*G$218 -> 17.062 | H3: =$C3*H$218 -> 20.654 | I3: =$C3*I$218 -> 17.062 | J3: =$C3*J$218 -> 17.062 | K3: =$C3*K$218 -> 17.96 | ... X3: =$C3*X$218 -> 17.062
A4: =Rates!A4 -> Personal Assistance, 1:3 | B4: PerSupp1to3 | C4: 17.96 | D4: =$C4*D$218 -> 17.062 | E4: =$C4*E$218 -> 17.062 | F4: =$C4*F$218 -> 20.654 | G4: =$C4*G$218 -> 17.062 | H4: =$C4*H$218 -> 20.654 | I4: =$C4*I$218 -> 17.062 | J4: =$C4*J$218 -> 17.062 | K4: =$C4*K$218 -> 17.96 | ... X4: =$C4*X$218 -> 17.062
A5: =Rates!A5 -> Participant-Directed Personal Assistance, 1:1 | B5: PDPerSupp1to1 | C5: 17.96 | D5: =$C5*D$218 -> 17.062 | E5: =$C5*E$218 -> 17.062 | F5: =$C5*F$218 -> 20.654 | G5: =$C5*G$218 -> 17.062 | H5: =$C5*H$218 -> 20.654 | I5: =$C5*I$218 -> 17.062 | J5: =$C5*J$218 -> 17.062 | K5: =$C5*K$218 -> 17.96 | ... X5: =$C5*X$218 -> 17.062
A6: =Rates!A6 -> Participant-Directed Personal Assistance, 1:2 | B6: PDPerSupp1to2 | C6: 17.96 | D6: =$C6*D$218 -> 17.062 | E6: =$C6*E$218 -> 17.062 | F6: =$C6*F$218 -> 20.654 | G6: =$C6*G$218 -> 17.062 | H6: =$C6*H$218 -> 20.654 | I6: =$C6*I$218 -> 17.062 | J6: =$C6*J$218 -> 17.062 | K6: =$C6*K$218 -> 17.96 | ... X6: =$C6*X$218 -> 17.062
A7: =Rates!A7 -> Participant-Directed Personal Assistance, 1:3 | B7: PDPerSupp1to3 | C7: 17.96 | D7: =$C7*D$218 -> 17.062 | E7: =$C7*E$218 -> 17.062 | F7: =$C7*F$218 -> 20.654 | G7: =$C7*G$218 -> 17.062 | H7: =$C7*H$218 -> 20.654 | I7: =$C7*I$218 -> 17.062 | J7: =$C7*J$218 -> 17.062 | K7: =$C7*K$218 -> 17.96 | ... X7: =$C7*X$218 -> 17.062
A8: =Rates!A8 -> Parent Coordinated Personal Assistance, 1:1 | B8: PCPerSupp1to1 | C8: 17.96 | D8: =$C8*D$218 -> 17.062 | E8: =$C8*E$218 -> 17.062 | F8: =$C8*F$218 -> 20.654 | G8: =$C8*G$218 -> 17.062 | H8: =$C8*H$218 -> 20.654 | I8: =$C8*I$218 -> 17.062 | J8: =$C8*J$218 -> 17.062 | K8: =$C8*K$218 -> 17.96 | ... X8: =$C8*X$218 -> 17.062
A9: =Rates!A9 -> Parent Coordinated Personal Assistance, 1:2 | B9: PCPerSupp1to2 | C9: 17.96 | D9: =$C9*D$218 -> 17.062 | E9: =$C9*E$218 -> 17.062 | F9: =$C9*F$218 -> 20.654 | G9: =$C9*G$218 -> 17.062 | H9: =$C9*H$218 -> 20.654 | I9: =$C9*I$218 -> 17.062 | J9: =$C9*J$218 -> 17.062 | K9: =$C9*K$218 -> 17.96 | ... X9: =$C9*X$218 -> 17.062
A10: =Rates!A10 -> Parent Coordinated Personal Assistance, 1:3 | B10: PCPerSupp1to3 | C10: 17.96 | D10: =$C10*D$218 -> 17.062 | E10: =$C10*E$218 -> 17.062 | F10: =$C10*F$218 -> 20.654 | G10: =$C10*G$218 -> 17.062 | H10: =$C10*H$218 -> 20.654 | I10: =$C10*I$218 -> 17.062 | J10: =$C10*J$218 -> 17.062 | K10: =$C10*K$218 -> 17.96 | ... X10: =$C10*X$218 -> 17.062
A11: =Rates!A11 -> Parent Coordinated Personal Assistance, OT Rate, 1:1 | B11: PCPerSupp1to1(OT) | C11: 26.94 | D11: =$C11*D$218 -> 25.593 | E11: =$C11*E$218 -> 25.593 | F11: =$C11*F$218 -> 30.981 | G11: =$C11*G$218 -> 25.593 | H11: =$C11*H$218 -> 30.981 | I11: =$C11*I$218 -> 25.593 | J11: =$C11*J$218 -> 25.593 | K11: =$C11*K$218 -> 26.94 | ... X11: =$C11*X$218 -> 25.593
A12: =Rates!A12 -> Parent Coordinated Personal Assistance, OT Rate, 1:2 | B12: PCPerSupp1to2(OT) | C12: 26.94 | D12: =$C12*D$218 -> 25.593 | E12: =$C12*E$218 -> 25.593 | F12: =$C12*F$218 -> 30.981 | G12: =$C12*G$218 -> 25.593 | H12: =$C12*H$218 -> 30.981 | I12: =$C12*I$218 -> 25.593 | J12: =$C12*J$218 -> 25.593 | K12: =$C12*K$218 -> 26.94 | ... X12: =$C12*X$218 -> 25.593
A13: =Rates!A13 -> Parent Coordinated Personal Assistance, OT Rate, 1:3 | B13: PCPerSupp1to3(OT) | C13: 26.94 | D13: =$C13*D$218 -> 25.593 | E13: =$C13*E$218 -> 25.593 | F13: =$C13*F$218 -> 30.981 | G13: =$C13*G$218 -> 25.593 | H13: =$C13*H$218 -> 30.981 | I13: =$C13*I$218 -> 25.593 | J13: =$C13*J$218 -> 25.593 | K13: =$C13*K$218 -> 26.94 | ... X13: =$C13*X$218 -> 25.593
A14: =Rates!A14 -> Independent Living Program, 1:1 | B14: CommLiv1to1 | C14: 23.84 | D14: =$C14*D$218 -> 22.648 | E14: =$C14*E$218 -> 22.648 | F14: =$C14*F$218 -> 27.416 | G14: =$C14*G$218 -> 22.648 | H14: =$C14*H$218 -> 27.416 | I14: =$C14*I$218 -> 22.648 | J14: =$C14*J$218 -> 22.648 | K14: =$C14*K$218 -> 23.84 | ... X14: =$C14*X$218 -> 22.648
... A205: =Rates!A205 -> Infant Development Program, Psychologist, Center/Facility-Based, 1:3 | B205: InfDevPsyF1to3 | C205: 58.7 | D205: =$C205*D$218 -> 55.765 | E205: =$C205*E$218 -> 55.765 | F205: =$C205*F$218 -> 67.505 | G205: =$C205*G$218 -> 55.765 | H205: =$C205*H$218 -> 67.505 | I205: =$C205*I$218 -> 55.765 | J205: =$C205*J$218 -> 55.765 | K205: =$C205*K$218 -> 58.7 | ... X205: =$C205*X$218 -> 55.765
A206: =Rates!A206 -> Infant Development Specialist, 1:1 | C206: 35.65 | D206: =$C206*D$218 -> 33.8675 | E206: =$C206*E$218 -> 33.8675 | F206: =$C206*F$218 -> 40.9975 | G206: =$C206*G$218 -> 33.8675 | H206: =$C206*H$218 -> 40.9975 | I206: =$C206*I$218 -> 33.8675 | J206: =$C206*J$218 -> 33.8675 | K206: =$C206*K$218 -> 35.65 | ... X206: =$C206*X$218 -> 33.8675
A207: =Rates!A207 -> Respite Service - Family Member
A208: =Rates!A208 -> In-Home Respite Worker
A209: =Rates!A209 -> Self-Directed Support Services | B209: SDSupp | C209: 22.37 | D209: =$C209*D$218 -> 21.2515 | E209: =$C209*E$218 -> 21.2515 | F209: =$C209*F$218 -> 25.7255 | G209: =$C209*G$218 -> 21.2515 | H209: =$C209*H$218 -> 25.7255 | I209: =$C209*I$218 -> 21.2515 | J209: =$C209*J$218 -> 21.2515 | K209: =$C209*K$218 -> 22.37 | ... X209: =$C209*X$218 -> 21.2515
A210: =Rates!A210 -> ASL Training and Support | B210: ASL | C210: 34.12 | D210: =$C210*D$218 -> 32.414 | E210: =$C210*E$218 -> 32.414 | F210: =$C210*F$218 -> 39.238 | G210: =$C210*G$218 -> 32.414 | H210: =$C210*H$218 -> 39.238 | I210: =$C210*I$218 -> 32.414 | J210: =$C210*J$218 -> 32.414 | K210: =$C210*K$218 -> 34.12 | ... X210: =$C210*X$218 -> 32.414
A211: =Rates!A211 -> Coordinated Career Pathways - Career Pathway Navigator | B211: CareerPath | C211: 42.54 | D211: =$C211*D$218 -> 40.413 | E211: =$C211*E$218 -> 40.413 | F211: =$C211*F$218 -> 48.921 | G211: =$C211*G$218 -> 40.413 | H211: =$C211*H$218 -> 48.921 | I211: =$C211*I$218 -> 40.413 | J211: =$C211*J$218 -> 40.413 | K211: =$C211*K$218 -> 42.54 | ... X211: =$C211*X$218 -> 40.413
A212: =Rates!A212 -> Coordinated Career Pathways - Customized Employment | B212: CustomEmp | C212: 30.77 | D212: =$C212*D$218 -> 29.2315 | E212: =$C212*E$218 -> 29.2315 | F212: =$C212*F$218 -> 35.3855 | G212: =$C212*G$218 -> 29.2315 | H212: =$C212*H$218 -> 35.3855 | I212: =$C212*I$218 -> 29.2315 | J212: =$C212*J$218 -> 29.2315 | K212: =$C212*K$218 -> 30.77 | ... X212: =$C212*X$218 -> 29.2315
A213: =Rates!A213 -> Tailored Day Services | B213: TDS | C213: 18.44 | D213: =$C213*D$218 -> 17.518 | E213: =$C213*E$218 -> 17.518 | F213: =$C213*F$218 -> 21.206 | G213: =$C213*G$218 -> 17.518 | H213: =$C213*H$218 -> 21.206 | I213: =$C213*I$218 -> 17.518 | J213: =$C213*J$218 -> 17.518 | K213: =$C213*K$218 -> 18.44 | ... X213: =$C213*X$218 -> 17.518
A214: =Rates!A214 -> Coordinated Family Supports | B214: CFS | C214: 24.35 | D214: =$C214*D$218 -> 23.1325 | E214: =$C214*E$218 -> 23.1325 | F214: =$C214*F$218 -> 28.0025 | G214: =$C214*G$218 -> 23.1325 | H214: =$C214*H$218 -> 28.0025 | I214: =$C214*I$218 -> 23.1325 | J214: =$C214*J$218 -> 23.1325 | K214: =$C214*K$218 -> 24.35 | ... X214: =$C214*X$218 -> 23.1325
C215: Wage | D215: Category A | E215: Category A | F215: Category C | G215: Category A | H215: Category C | I215: Category A | J215: Category A | K215: Category B | L215: Category B | M215: Category B | N215: Category B | O215: Category B | P215: Category B | Q215: Category B | R215: Category B | S215: Category B | T215: Category A | U215: Category C | V215: Category B | W215: Category B | X215: Category A
C216: Travel | D216: Category C | E216: Category C | F216: Category B | G216: Category C | H216: Category A | I216: Category C | J216: Category C | K216: Category A | L216: Category A | M216: Category B | N216: Category B | O216: Category B | P216: Category A | Q216: Category A | R216: Category B | S216: Category B | T216: Category C | U216: Category B | V216: Category B | W216: Category C | X216: Category C
C217: Commercial | D217: Category A | E217: Category A | F217: Category C | G217: Category A | H217: Category C | I217: Category A | J217: Category A | K217: Category B | L217: Category B | M217: Category B | N217: Category B | O217: Category B | P217: Category B | Q217: Category B | R217: Category A | S217: Category B | T217: Category A | U217: Category C | V217: Category B | W217: Category B | X217: Category A
D218: =_xlfn.XLOOKUP(D215,$C221:$C223,$D221:$D223) -> 0.95 | E218: =_xlfn.XLOOKUP(E215,$C221:$C223,$D221:$D223) -> 0.95 | F218: =_xlfn.XLOOKUP(F215,$C221:$C223,$D221:$D223) -> 1.15 | G218: =_xlfn.XLOOKUP(G215,$C221:$C223,$D221:$D223) -> 0.95 | H218: =_xlfn.XLOOKUP(H215,$C221:$C223,$D221:$D223) -> 1.15 | I218: =_xlfn.XLOOKUP(I215,$C221:$C223,$D221:$D223) -> 0.95 | J218: =_xlfn.XLOOKUP(J215,$C221:$C223,$D221:$D223) -> 0.95 | K218: =_xlfn.XLOOKUP(K215,$C221:$C223,$D221:$D223) -> 1 | ... X218: =_xlfn.XLOOKUP(X215,$C221:$C223,$D221:$D223) -> 0.95
C221: Category A | D221: 0.95
C222: Category B | D222: 1
C223: Category C | D223: 1.15

Sheet BenRate
A1: Title | C1: BASE | E1: ACRC | G1: CVRC | I1: RCEB | K1: FNRC | M1: GGRC | O1: IRC | Q1: KRC | S1: ELARC | U1: FDLRC | W1: HRC | Y1: NLACRC | AA1: SGPRC | AC1: SCLARC | AE1: WRC | AG1: NBRC | AI1: RCOC | AK1: RCRC | AM1: SARC | AO1: SDRC | AQ1: TCRC | AS1: VMRC
A2: =Rates!A2 -> Personal Assistance, 1:1 | B2: PerSupp1to1 | C2: 0.2225 | E2: 0.2302 | G2: 0.2302 | I2: 0.2036 | K2: 0.2302 | M2: 0.2036 | O2: 0.2302 | Q2: 0.2302 | S2: 0.2225 | U2: 0.2225 | W2: 0.2225 | Y2: 0.2225 | AA2: 0.2225 | AC2: 0.2225 | AE2: 0.2225 | AG2: 0.2225 | AI2: 0.2225 | AK2: 0.2302 | AM2: 0.2036 | AO2: 0.2225 | AQ2: 0.2225 | AS2: 0.2302
A3: =Rates!A3 -> Personal Assistance, 1:2 | B3: PerSupp1to2 | C3: 0.2225 | E3: 0.2302 | G3: 0.2302 | I3: 0.2036 | K3: 0.2302 | M3: 0.2036 | O3: 0.2302 | Q3: 0.2302 | S3: 0.2225 | U3: 0.2225 | W3: 0.2225 | Y3: 0.2225 | AA3: 0.2225 | AC3: 0.2225 | AE3: 0.2225 | AG3: 0.2225 | AI3: 0.2225 | AK3: 0.2302 | AM3: 0.2036 | AO3: 0.2225 | AQ3: 0.2225 | AS3: 0.2302
A4: =Rates!A4 -> Personal Assistance, 1:3 | B4: PerSupp1to3 | C4: 0.2225 | E4: 0.2302 | G4: 0.2302 | I4: 0.2036 | K4: 0.2302 | M4: 0.2036 | O4: 0.2302 | Q4: 0.2302 | S4: 0.2225 | U4: 0.2225 | W4: 0.2225 | Y4: 0.2225 | AA4: 0.2225 | AC4: 0.2225 | AE4: 0.2225 | AG4: 0.2225 | AI4: 0.2225 | AK4: 0.2302 | AM4: 0.2036 | AO4: 0.2225 | AQ4: 0.2225 | AS4: 0.2302
A5: =Rates!A5 -> Participant-Directed Personal Assistance, 1:1 | B5: PDPerSupp1to1 | C5: 0.2225 | E5: 0.2302 | G5: 0.2302 | I5: 0.2036 | K5: 0.2302 | M5: 0.2036 | O5: 0.2302 | Q5: 0.2302 | S5: 0.2225 | U5: 0.2225 | W5: 0.2225 | Y5: 0.2225 | AA5: 0.2225 | AC5: 0.2225 | AE5: 0.2225 | AG5: 0.2225 | AI5: 0.2225 | AK5: 0.2302 | AM5: 0.2036 | AO5: 0.2225 | AQ5: 0.2225 | AS5: 0.2302
A6: =Rates!A6 -> Participant-Directed Personal Assistance, 1:2 | B6: PDPerSupp1to2 | C6: 0.2225 | E6: 0.2302 | G6: 0.2302 | I6: 0.2036 | K6: 0.2302 | M6: 0.2036 | O6: 0.2302 | Q6: 0.2302 | S6: 0.2225 | U6: 0.2225 | W6: 0.2225 | Y6: 0.2225 | AA6: 0.2225 | AC6: 0.2225 | AE6: 0.2225 | AG6: 0.2225 | AI6: 0.2225 | AK6: 0.2302 | AM6: 0.2036 | AO6: 0.2225 | AQ6: 0.2225 | AS6: 0.2302
A7: =Rates!A7 -> Participant-Directed Personal Assistance, 1:3 | B7: PDPerSupp1to3 | C7: 0.2225 | E7: 0.2302 | G7: 0.2302 | I7: 0.2036 | K7: 0.2302 | M7: 0.2036 | O7: 0.2302 | Q7: 0.2302 | S7: 0.2225 | U7: 0.2225 | W7: 0.2225 | Y7: 0.2225 | AA7: 0.2225 | AC7: 0.2225 | AE7: 0.2225 | AG7: 0.2225 | AI7: 0.2225 | AK7: 0.2302 | AM7: 0.2036 | AO7: 0.2225 | AQ7: 0.2225 | AS7: 0.2302
A8: =Rates!A8 -> Parent Coordinated Personal Assistance, 1:1 | B8: PCPerSupp1to1 | C8: 0.2225 | E8: 0.2302 | G8: 0.2302 | I8: 0.2036 | K8: 0.2302 | M8: 0.2036 | O8: 0.2302 | Q8: 0.2302 | S8: 0.2225 | U8: 0.2225 | W8: 0.2225 | Y8: 0.2225 | AA8: 0.2225 | AC8: 0.2225 | AE8: 0.2225 | AG8: 0.2225 | AI8: 0.2225 | AK8: 0.2302 | AM8: 0.2036 | AO8: 0.2225 | AQ8: 0.2225 | AS8: 0.2302
A9: =Rates!A9 -> Parent Coordinated Personal Assistance, 1:2 | B9: PCPerSupp1to2 | C9: 0.2225 | E9: 0.2302 | G9: 0.2302 | I9: 0.2036 | K9: 0.2302 | M9: 0.2036 | O9: 0.2302 | Q9: 0.2302 | S9: 0.2225 | U9: 0.2225 | W9: 0.2225 | Y9: 0.2225 | AA9: 0.2225 | AC9: 0.2225 | AE9: 0.2225 | AG9: 0.2225 | AI9: 0.2225 | AK9: 0.2302 | AM9: 0.2036 | AO9: 0.2225 | AQ9: 0.2225 | AS9: 0.2302
A10: =Rates!A10 -> Parent Coordinated Personal Assistance, 1:3 | B10: PCPerSupp1to3 | C10: 0.2225 | E10: 0.2302 | G10: 0.2302 | I10: 0.2036 | K10: 0.2302 | M10: 0.2036 | O10: 0.2302 | Q10: 0.2302 | S10: 0.2225 | U10: 0.2225 | W10: 0.2225 | Y10: 0.2225 | AA10: 0.2225 | AC10: 0.2225 | AE10: 0.2225 | AG10: 0.2225 | AI10: 0.2225 | AK10: 0.2302 | AM10: 0.2036 | AO10: 0.2225 | AQ10: 0.2225 | AS10: 0.2302
A11: =Rates!A11 -> Parent Coordinated Personal Assistance, OT Rate, 1:1 | B11: PCPerSupp1to1(OT) | C11: 0.0765 | E11: 0.0765 | G11: 0.0765 | I11: 0.0765 | K11: 0.0765 | M11: 0.0765 | O11: 0.0765 | Q11: 0.0765 | S11: 0.0765 | U11: 0.0765 | W11: 0.0765 | Y11: 0.0765 | AA11: 0.0765 | AC11: 0.0765 | AE11: 0.0765 | AG11: 0.0765 | AI11: 0.0765 | AK11: 0.0765 | AM11: 0.0765 | AO11: 0.0765 | AQ11: 0.0765 | AS11: 0.0765
A12: =Rates!A12 -> Parent Coordinated Personal Assistance, OT Rate, 1:2 | B12: PCPerSupp1to2(OT) | C12: 0.0765 | E12: 0.0765 | G12: 0.0765 | I12: 0.0765 | K12: 0.0765 | M12: 0.0765 | O12: 0.0765 | Q12: 0.0765 | S12: 0.0765 | U12: 0.0765 | W12: 0.0765 | Y12: 0.0765 | AA12: 0.0765 | AC12: 0.0765 | AE12: 0.0765 | AG12: 0.0765 | AI12: 0.0765 | AK12: 0.0765 | AM12: 0.0765 | AO12: 0.0765 | AQ12: 0.0765 | AS12: 0.0765
A13: =Rates!A13 -> Parent Coordinated Personal Assistance, OT Rate, 1:3 | B13: PCPerSupp1to3(OT) | C13: 0.0765 | E13: 0.0765 | G13: 0.0765 | I13: 0.0765 | K13: 0.0765 | M13: 0.0765 | O13: 0.0765 | Q13: 0.0765 | S13: 0.0765 | U13: 0.0765 | W13: 0.0765 | Y13: 0.0765 | AA13: 0.0765 | AC13: 0.0765 | AE13: 0.0765 | AG13: 0.0765 | AI13: 0.0765 | AK13: 0.0765 | AM13: 0.0765 | AO13: 0.0765 | AQ13: 0.0765 | AS13: 0.0765
... A206: =Rates!A206 -> Infant Development Specialist, 1:1 | B206: InfDevSpec | C206: 0.1645 | E206: 0.1691 | G206: 0.1691 | I206: 0.153 | K206: 0.1691 | M206: 0.153 | O206: 0.1691 | Q206: 0.1691 | S206: 0.1645 | U206: 0.1645 | W206: 0.1645 | Y206: 0.1645 | AA206: 0.1645 | AC206: 0.1645 | AE206: 0.1645 | AG206: 0.1645 | AI206: 0.1645 | AK206: 0.1691 | AM206: 0.153 | AO206: 0.1645 | AQ206: 0.1645 | AS206: 0.1691
A207: =Rates!A207 -> Respite Service - Family Member
A208: =Rates!A208 -> In-Home Respite Worker
A209: =Rates!A209 -> Self-Directed Support Services | B209: SDSupp | C209: 0.1938 | E209: 0.2 | G209: 0.2 | I209: 0.1785 | K209: 0.2 | M209: 0.1785 | O209: 0.2 | Q209: 0.2 | S209: 0.1938 | U209: 0.1938 | W209: 0.1938 | Y209: 0.1938 | AA209: 0.1938 | AC209: 0.1938 | AE209: 0.1938 | AG209: 0.1938 | AI209: 0.1938 | AK209: 0.2 | AM209: 0.1785 | AO209: 0.1938 | AQ209: 0.1938 | AS209: 0.2
A210: =Rates!A210 -> ASL Training and Support | B210: ASL | C210: 0.1685 | E210: 0.1733 | G210: 0.1733 | I210: 0.1565 | K210: 0.1733 | M210: 0.1565 | O210: 0.1733 | Q210: 0.1733 | S210: 0.1685 | U210: 0.1685 | W210: 0.1685 | Y210: 0.1685 | AA210: 0.1685 | AC210: 0.1685 | AE210: 0.1685 | AG210: 0.1685 | AI210: 0.1685 | AK210: 0.1733 | AM210: 0.1565 | AO210: 0.1685 | AQ210: 0.1685 | AS210: 0.1733
A211: =Rates!A211 -> Coordinated Career Pathways - Career Pathway Navigator | B211: CareerPath | C211: 0.1382 | E211: 0.1414 | G211: 0.1414 | I211: 0.1301 | K211: 0.1414 | M211: 0.1301 | O211: 0.1414 | Q211: 0.1414 | S211: 0.1382 | U211: 0.1382 | W211: 0.1382 | Y211: 0.1382 | AA211: 0.1382 | AC211: 0.1382 | AE211: 0.1382 | AG211: 0.1382 | AI211: 0.1382 | AK211: 0.1414 | AM211: 0.1301 | AO211: 0.1382 | AQ211: 0.1382 | AS211: 0.1414
A212: =Rates!A212 -> Coordinated Career Pathways - Customized Employment | B212: CustomEmp | C212: 0.1618 | E212: 0.1663 | G212: 0.1663 | I212: 0.1506 | K212: 0.1663 | M212: 0.1506 | O212: 0.1663 | Q212: 0.1663 | S212: 0.1618 | U212: 0.1618 | W212: 0.1618 | Y212: 0.1618 | AA212: 0.1618 | AC212: 0.1618 | AE212: 0.1618 | AG212: 0.1618 | AI212: 0.1618 | AK212: 0.1663 | AM212: 0.1506 | AO212: 0.1618 | AQ212: 0.1618 | AS212: 0.1663
A213: =Rates!A213 -> Tailored Day Services | B213: TDS | C213: 0.2188 | E213: 0.2262 | G213: 0.2262 | I213: 0.2001 | K213: 0.2262 | M213: 0.2001 | O213: 0.2262 | Q213: 0.2262 | S213: 0.2188 | U213: 0.2188 | W213: 0.2188 | Y213: 0.2188 | AA213: 0.2188 | AC213: 0.2188 | AE213: 0.2188 | AG213: 0.2188 | AI213: 0.2188 | AK213: 0.2262 | AM213: 0.2001 | AO213: 0.2188 | AQ213: 0.2188 | AS213: 0.2262
A214: =Rates!A214 -> Coordinated Family Supports | B214: CFS | C214: 0.1842 | E214: 0.1899 | G214: 0.1899 | I214: 0.1702 | K214: 0.1899 | M214: 0.1702 | O214: 0.1899 | Q214: 0.1899 | S214: 0.1842 | U214: 0.1842 | W214: 0.1842 | Y214: 0.1842 | AA214: 0.1842 | AC214: 0.1842 | AE214: 0.1842 | AG214: 0.1842 | AI214: 0.1842 | AK214: 0.1899 | AM214: 0.1702 | AO214: 0.1842 | AQ214: 0.1842 | AS214: 0.1899

Sheet WC
A1: Title | C1: BASE | D1: ACRC | E1: CVRC | F1: RCEB | G1: FNRC | H1: GGRC | I1: IRC | J1: KRC | K1: ELARC | L1: FDLRC | M1: HRC | N1: NLACRC | O1: SGPRC | P1: SCLARC | Q1: WRC | R1: NBRC | S1: RCOC | T1: RCRC | U1: SARC | V1: SDRC | W1: TCRC | X1: VMRC
A2: =Rates!A2 -> Personal Assistance, 1:1 | B2: PerSupp1to1 | C2: 0.0483 | D2: 0.0483 | E2: 0.0483 | F2: 0.0483 | G2: 0.0483 | H2: 0.0483 | I2: 0.0483 | J2: 0.0483 | K2: 0.0483 | L2: 0.0483 | M2: 0.0483 | N2: 0.0483 | O2: 0.0483 | P2: 0.0483 | Q2: 0.0483 | R2: 0.0483 | S2: 0.0483 | T2: 0.0483 | U2: 0.0483 | V2: 0.0483 | W2: 0.0483 | X2: 0.0483
A3: =Rates!A3 -> Personal Assistance, 1:2 | B3: PerSupp1to2 | C3: 0.0483 | D3: 0.0483 | E3: 0.0483 | F3: 0.0483 | G3: 0.0483 | H3: 0.0483 | I3: 0.0483 | J3: 0.0483 | K3: 0.0483 | L3: 0.0483 | M3: 0.0483 | N3: 0.0483 | O3: 0.0483 | P3: 0.0483 | Q3: 0.0483 | R3: 0.0483 | S3: 0.0483 | T3: 0.0483 | U3: 0.0483 | V3: 0.0483 | W3: 0.0483 | X3: 0.0483
A4: =Rates!A4 -> Personal Assistance, 1:3 | B4: PerSupp1to3 | C4: 0.0483 | D4: 0.0483 | E4: 0.0483 | F4: 0.0483 | G4: 0.0483 | H4: 0.0483 | I4: 0.0483 | J4: 0.0483 | K4: 0.0483 | L4: 0.0483 | M4: 0.0483 | N4: 0.0483 | O4: 0.0483 | P4: 0.0483 | Q4: 0.0483 | R4: 0.0483 | S4: 0.0483 | T4: 0.0483 | U4: 0.0483 | V4: 0.0483 | W4: 0.0483 | X4: 0.0483
A5: =Rates!A5 -> Participant-Directed Personal Assistance, 1:1 | B5: PDPerSupp1to1 | C5: 0.0483 | D5: 0.0483 | E5: 0.0483 | F5: 0.0483 | G5: 0.0483 | H5: 0.0483 | I5: 0.0483 | J5: 0.0483 | K5: 0.0483 | L5: 0.0483 | M5: 0.0483 | N5: 0.0483 | O5: 0.0483 | P5: 0.0483 | Q5: 0.0483 | R5: 0.0483 | S5: 0.0483 | T5: 0.0483 | U5: 0.0483 | V5: 0.0483 | W5: 0.0483 | X5: 0.0483
A6: =Rates!A6 -> Participant-Directed Personal Assistance, 1:2 | B6: PDPerSupp1to2 | C6: 0.0483 | D6: 0.0483 | E6: 0.0483 | F6: 0.0483 | G6: 0.0483 | H6: 0.0483 | I6: 0.0483 | J6: 0.0483 | K6: 0.0483 | L6: 0.0483 | M6: 0.0483 | N6: 0.0483 | O6: 0.0483 | P6: 0.0483 | Q6: 0.0483 | R6: 0.0483 | S6: 0.0483 | T6: 0.0483 | U6: 0.0483 | V6: 0.0483 | W6: 0.0483 | X6: 0.0483
A7: =Rates!A7 -> Participant-Directed Personal Assistance, 1:3 | B7: PDPerSupp1to3 | C7: 0.0483 | D7: 0.0483 | E7: 0.0483 | F7: 0.0483 | G7: 0.0483 | H7: 0.0483 | I7: 0.0483 | J7: 0.0483 | K7: 0.0483 | L7: 0.0483 | M7: 0.0483 | N7: 0.0483 | O7: 0.0483 | P7: 0.0483 | Q7: 0.0483 | R7: 0.0483 | S7: 0.0483 | T7: 0.0483 | U7: 0.0483 | V7: 0.0483 | W7: 0.0483 | X7: 0.0483
A8: =Rates!A8 -> Parent Coordinated Personal Assistance, 1:1 | B8: PCPerSupp1to1 | C8: 0.0483 | D8: 0.0483 | E8: 0.0483 | F8: 0.0483 | G8: 0.0483 | H8: 0.0483 | I8: 0.0483 | J8: 0.0483 | K8: 0.0483 | L8: 0.0483 | M8: 0.0483 | N8: 0.0483 | O8: 0.0483 | P8: 0.0483 | Q8: 0.0483 | R8: 0.0483 | S8: 0.0483 | T8: 0.0483 | U8: 0.0483 | V8: 0.0483 | W8: 0.0483 | X8: 0.0483
A9: =Rates!A9 -> Parent Coordinated Personal Assistance, 1:2 | B9: PCPerSupp1to2 | C9: 0.0483 | D9: 0.0483 | E9: 0.0483 | F9: 0.0483 | G9: 0.0483 | H9: 0.0483 | I9: 0.0483 | J9: 0.0483 | K9: 0.0483 | L9: 0.0483 | M9: 0.0483 | N9: 0.0483 | O9: 0.0483 | P9: 0.0483 | Q9: 0.0483 | R9: 0.0483 | S9: 0.0483 | T9: 0.0483 | U9: 0.0483 | V9: 0.0483 | W9: 0.0483 | X9: 0.0483
A10: =Rates!A10 -> Parent Coordinated Personal Assistance, 1:3 | B10: PCPerSupp1to3 | C10: 0.0483 | D10: 0.0483 | E10: 0.0483 | F10: 0.0483 | G10: 0.0483 | H10: 0.0483 | I10: 0.0483 | J10: 0.0483 | K10: 0.0483 | L10: 0.0483 | M10: 0.0483 | N10: 0.0483 | O10: 0.0483 | P10: 0.0483 | Q10: 0.0483 | R10: 0.0483 | S10: 0.0483 | T10: 0.0483 | U10: 0.0483 | V10: 0.0483 | W10: 0.0483 | X10: 0.0483
A11: =Rates!A11 -> Parent Coordinated Personal Assistance, OT Rate, 1:1 | B11: PCPerSupp1to1(OT) | C11: 0.0483 | D11: 0.0483 | E11: 0.0483 | F11: 0.0483 | G11: 0.0483 | H11: 0.0483 | I11: 0.0483 | J11: 0.0483 | K11: 0.0483 | L11: 0.0483 | M11: 0.0483 | N11: 0.0483 | O11: 0.0483 | P11: 0.0483 | Q11: 0.0483 | R11: 0.0483 | S11: 0.0483 | T11: 0.0483 | U11: 0.0483 | V11: 0.0483 | W11: 0.0483 | X11: 0.0483
A12: =Rates!A12 -> Parent Coordinated Personal Assistance, OT Rate, 1:2 | B12: PCPerSupp1to2(OT) | C12: 0.0483 | D12: 0.0483 | E12: 0.0483 | F12: 0.0483 | G12: 0.0483 | H12: 0.0483 | I12: 0.0483 | J12: 0.0483 | K12: 0.0483 | L12: 0.0483 | M12: 0.0483 | N12: 0.0483 | O12: 0.0483 | P12: 0.0483 | Q12: 0.0483 | R12: 0.0483 | S12: 0.0483 | T12: 0.0483 | U12: 0.0483 | V12: 0.0483 | W12: 0.0483 | X12: 0.0483
A13: =Rates!A13 -> Parent Coordinated Personal Assistance, OT Rate, 1:3 | B13: PCPerSupp1to3(OT) | C13: 0.0483 | D13: 0.0483 | E13: 0.0483 | F13: 0.0483 | G13: 0.0483 | H13: 0.0483 | I13: 0.0483 | J13: 0.0483 | K13: 0.0483 | L13: 0.0483 | M13: 0.0483 | N13: 0.0483 | O13: 0.0483 | P13: 0.0483 | Q13: 0.0483 | R13: 0.0483 | S13: 0.0483 | T13: 0.0483 | U13: 0.0483 | V13: 0.0483 | W13: 0.0483 | X13: 0.0483
... A206: =Rates!A206 -> Infant Development Specialist, 1:1 | B206: InfDevSpec | C206: 0.0282 | D206: 0.0282 | E206: 0.0282 | F206: 0.0282 | G206: 0.0282 | H206: 0.0282 | I206: 0.0282 | J206: 0.0282 | K206: 0.0282 | L206: 0.0282 | M206: 0.0282 | N206: 0.0282 | O206: 0.0282 | P206: 0.0282 | Q206: 0.0282 | R206: 0.0282 | S206: 0.0282 | T206: 0.0282 | U206: 0.0282 | V206: 0.0282 | W206: 0.0282 | X206: 0.0282
A207: =Rates!A207 -> Respite Service - Family Member
A208: =Rates!A208 -> In-Home Respite Worker
A209: =Rates!A209 -> Self-Directed Support Services | B209: SDSupp | C209: 0.008 | D209: 0.008 | E209: 0.008 | F209: 0.008 | G209: 0.008 | H209: 0.008 | I209: 0.008 | J209: 0.008 | K209: 0.008 | L209: 0.008 | M209: 0.008 | N209: 0.008 | O209: 0.008 | P209: 0.008 | Q209: 0.008 | R209: 0.008 | S209: 0.008 | T209: 0.008 | U209: 0.008 | V209: 0.008 | W209: 0.008 | X209: 0.008
A210: =Rates!A210 -> ASL Training and Support | B210: ASL | C210: 0.0483 | D210: 0.0483 | E210: 0.0483 | F210: 0.0483 | G210: 0.0483 | H210: 0.0483 | I210: 0.0483 | J210: 0.0483 | K210: 0.0483 | L210: 0.0483 | M210: 0.0483 | N210: 0.0483 | O210: 0.0483 | P210: 0.0483 | Q210: 0.0483 | R210: 0.0483 | S210: 0.0483 | T210: 0.0483 | U210: 0.0483 | V210: 0.0483 | W210: 0.0483 | X210: 0.0483
A211: =Rates!A211 -> Coordinated Career Pathways - Career Pathway Navigator | B211: CareerPath | C211: 0.0574 | D211: 0.0574 | E211: 0.0574 | F211: 0.0574 | G211: 0.0574 | H211: 0.0574 | I211: 0.0574 | J211: 0.0574 | K211: 0.0574 | L211: 0.0574 | M211: 0.0574 | N211: 0.0574 | O211: 0.0574 | P211: 0.0574 | Q211: 0.0574 | R211: 0.0574 | S211: 0.0574 | T211: 0.0574 | U211: 0.0574 | V211: 0.0574 | W211: 0.0574 | X211: 0.0574
A212: =Rates!A212 -> Coordinated Career Pathways - Customized Employment | B212: CustomEmp | C212: 0.0574 | D212: 0.0574 | E212: 0.0574 | F212: 0.0574 | G212: 0.0574 | H212: 0.0574 | I212: 0.0574 | J212: 0.0574 | K212: 0.0574 | L212: 0.0574 | M212: 0.0574 | N212: 0.0574 | O212: 0.0574 | P212: 0.0574 | Q212: 0.0574 | R212: 0.0574 | S212: 0.0574 | T212: 0.0574 | U212: 0.0574 | V212: 0.0574 | W212: 0.0574 | X212: 0.0574
A213: =Rates!A213 -> Tailored Day Services | B213: TDS | C213: 0.0574 | D213: 0.0574 | E213: 0.0574 | F213: 0.0574 | G213: 0.0574 | H213: 0.0574 | I213: 0.0574 | J213: 0.0574 | K213: 0.0574 | L213: 0.0574 | M213: 0.0574 | N213: 0.0574 | O213: 0.0574 | P213: 0.0574 | Q213: 0.0574 | R213: 0.0574 | S213: 0.0574 | T213: 0.0574 | U213: 0.0574 | V213: 0.0574 | W213: 0.0574 | X213: 0.0574
A214: Coordinated Family Supports | B214: CFS | C214: 0.0483 | D214: 0.0483 | E214: 0.0483 | F214: 0.0483 | G214: 0.0483 | H214: 0.0483 | I214: 0.0483 | J214: 0.0483 | K214: 0.0483 | L214: 0.0483 | M214: 0.0483 | N214: 0.0483 | O214: 0.0483 | P214: 0.0483 | Q214: 0.0483 | R214: 0.0483 | S214: 0.0483 | T214: 0.0483 | U214: 0.0483 | V214: 0.0483 | W214: 0.0483 | X214: 0.0483

Sheet OT
A1: Title | B1: OT
A2: =Rates!A2 -> Personal Assistance, 1:1 | B2: 0
A3: =Rates!A3 -> Personal Assistance, 1:2 | B3: 0
A4: =Rates!A4 -> Personal Assistance, 1:3 | B4: 0
A5: =Rates!A5 -> Participant-Directed Personal Assistance, 1:1 | B5: 0
A6: =Rates!A6 -> Participant-Directed Personal Assistance, 1:2 | B6: 0
A7: =Rates!A7 -> Participant-Directed Personal Assistance, 1:3 | B7: 0
A8: =Rates!A8 -> Parent Coordinated Personal Assistance, 1:1 | B8: 0
A9: =Rates!A9 -> Parent Coordinated Personal Assistance, 1:2 | B9: 0
A10: =Rates!A10 -> Parent Coordinated Personal Assistance, 1:3 | B10: 0
A11: =Rates!A11 -> Parent Coordinated Personal Assistance, OT Rate, 1:1 | B11: 0
A12: =Rates!A12 -> Parent Coordinated Personal Assistance, OT Rate, 1:2 | B12: 0
A13: =Rates!A13 -> Parent Coordinated Personal Assistance, OT Rate, 1:3 | B13: 0
... A213: =Rates!A213 -> Tailored Day Services | B213: 0
A214: Coordinated Family Supports | B214: 0

Sheet PROD
A1: Title | C1: BASE | D1: ACRC | E1: CVRC | F1: RCEB | G1: FNRC | H1: GGRC | I1: IRC | J1: KRC | K1: ELARC | L1: FDLRC | M1: HRC | N1: NLACRC | O1: SGPRC | P1: SCLARC | Q1: WRC | R1: NBRC | S1: RCOC | T1: RCRC | U1: SARC | V1: SDRC | W1: TCRC | X1: VMRC
A2: =Rates!A2 -> Personal Assistance, 1:1 | B2: PerSupp1to1 | C2: 1.2 | D2: 1.21 | E2: 1.21 | F2: 1.2 | G2: 1.21 | H2: 1.2 | I2: 1.21 | J2: 1.21 | K2: 1.2 | L2: 1.2 | M2: 1.2 | N2: 1.2 | O2: 1.2 | P2: 1.2 | Q2: 1.2 | R2: 1.2 | S2: 1.2 | T2: 1.21 | U2: 1.2 | V2: 1.2 | W2: 1.21 | X2: 1.21
A3: =Rates!A3 -> Personal Assistance, 1:2 | B3: PerSupp1to2 | C3: 1.22 | D3: 1.22 | E3: 1.22 | F3: 1.22 | G3: 1.22 | H3: 1.21 | I3: 1.22 | J3: 1.22 | K3: 1.21 | L3: 1.21 | M3: 1.22 | N3: 1.22 | O3: 1.22 | P3: 1.21 | Q3: 1.21 | R3: 1.22 | S3: 1.22 | T3: 1.22 | U3: 1.22 | V3: 1.22 | W3: 1.22 | X3: 1.22
A4: =Rates!A4 -> Personal Assistance, 1:3 | B4: PerSupp1to3 | C4: 1.22 | D4: 1.23 | E4: 1.23 | F4: 1.23 | G4: 1.23 | H4: 1.22 | I4: 1.23 | J4: 1.23 | K4: 1.22 | L4: 1.22 | M4: 1.23 | N4: 1.23 | O4: 1.23 | P4: 1.22 | Q4: 1.22 | R4: 1.23 | S4: 1.23 | T4: 1.23 | U4: 1.23 | V4: 1.23 | W4: 1.23 | X4: 1.23
A5: =Rates!A5 -> Participant-Directed Personal Assistance, 1:1 | B5: PDPerSupp1to1 | C5: 1.11 | D5: 1.11 | E5: 1.11 | F5: 1.11 | G5: 1.11 | H5: 1.11 | I5: 1.11 | J5: 1.11 | K5: 1.11 | L5: 1.11 | M5: 1.11 | N5: 1.11 | O5: 1.11 | P5: 1.11 | Q5: 1.11 | R5: 1.11 | S5: 1.11 | T5: 1.11 | U5: 1.11 | V5: 1.11 | W5: 1.11 | X5: 1.11
A6: =Rates!A6 -> Participant-Directed Personal Assistance, 1:2 | B6: PDPerSupp1to2 | C6: 1.13 | D6: 1.13 | E6: 1.13 | F6: 1.13 | G6: 1.13 | H6: 1.13 | I6: 1.13 | J6: 1.13 | K6: 1.13 | L6: 1.13 | M6: 1.13 | N6: 1.13 | O6: 1.13 | P6: 1.13 | Q6: 1.13 | R6: 1.13 | S6: 1.13 | T6: 1.13 | U6: 1.13 | V6: 1.13 | W6: 1.13 | X6: 1.13
A7: =Rates!A7 -> Participant-Directed Personal Assistance, 1:3 | B7: PDPerSupp1to3 | C7: 1.13 | D7: 1.13 | E7: 1.13 | F7: 1.13 | G7: 1.13 | H7: 1.13 | I7: 1.13 | J7: 1.13 | K7: 1.13 | L7: 1.13 | M7: 1.13 | N7: 1.13 | O7: 1.13 | P7: 1.13 | Q7: 1.13 | R7: 1.13 | S7: 1.13 | T7: 1.13 | U7: 1.13 | V7: 1.13 | W7: 1.13 | X7: 1.13
A8: =Rates!A8 -> Parent Coordinated Personal Assistance, 1:1 | B8: PCPerSupp1to1 | C8: 1.11 | D8: 1.11 | E8: 1.11 | F8: 1.11 | G8: 1.11 | H8: 1.11 | I8: 1.11 | J8: 1.11 | K8: 1.11 | L8: 1.11 | M8: 1.11 | N8: 1.11 | O8: 1.11 | P8: 1.11 | Q8: 1.11 | R8: 1.11 | S8: 1.11 | T8: 1.11 | U8: 1.11 | V8: 1.11 | W8: 1.11 | X8: 1.11
A9: =Rates!A9 -> Parent Coordinated Personal Assistance, 1:2 | B9: PCPerSupp1to2 | C9: 1.13 | D9: 1.13 | E9: 1.13 | F9: 1.13 | G9: 1.13 | H9: 1.13 | I9: 1.13 | J9: 1.13 | K9: 1.13 | L9: 1.13 | M9: 1.13 | N9: 1.13 | O9: 1.13 | P9: 1.13 | Q9: 1.13 | R9: 1.13 | S9: 1.13 | T9: 1.13 | U9: 1.13 | V9: 1.13 | W9: 1.13 | X9: 1.13
A10: =Rates!A10 -> Parent Coordinated Personal Assistance, 1:3 | B10: PCPerSupp1to3 | C10: 1.13 | D10: 1.13 | E10: 1.13 | F10: 1.13 | G10: 1.13 | H10: 1.13 | I10: 1.13 | J10: 1.13 | K10: 1.13 | L10: 1.13 | M10: 1.13 | N10: 1.13 | O10: 1.13 | P10: 1.13 | Q10: 1.13 | R10: 1.13 | S10: 1.13 | T10: 1.13 | U10: 1.13 | V10: 1.13 | W10: 1.13 | X10: 1.13
A11: =Rates!A11 -> Parent Coordinated Personal Assistance, OT Rate, 1:1 | B11: PCPerSupp1to1(OT) | C11: 1.1 | D11: 1.1 | E11: 1.1 | F11: 1.1 | G11: 1.1 | H11: 1.1 | I11: 1.1 | J11: 1.1 | K11: 1.1 | L11: 1.1 | M11: 1.1 | N11: 1.1 | O11: 1.1 | P11: 1.1 | Q11: 1.1 | R11: 1.1 | S11: 1.1 | T11: 1.1 | U11: 1.1 | V11: 1.1 | W11: 1.1 | X11: 1.1
A12: =Rates!A12 -> Parent Coordinated Personal Assistance, OT Rate, 1:2 | B12: PCPerSupp1to2(OT) | C12: 1.11 | D12: 1.11 | E12: 1.11 | F12: 1.11 | G12: 1.11 | H12: 1.11 | I12: 1.11 | J12: 1.11 | K12: 1.11 | L12: 1.11 | M12: 1.11 | N12: 1.11 | O12: 1.11 | P12: 1.11 | Q12: 1.11 | R12: 1.11 | S12: 1.11 | T12: 1.11 | U12: 1.11 | V12: 1.11 | W12: 1.11 | X12: 1.11
A13: =Rates!A13 -> Parent Coordinated Personal Assistance, OT Rate, 1:3 | B13: PCPerSupp1to3(OT) | C13: 1.11 | D13: 1.11 | E13: 1.11 | F13: 1.11 | G13: 1.11 | H13: 1.11 | I13: 1.11 | J13: 1.11 | K13: 1.11 | L13: 1.11 | M13: 1.11 | N13: 1.11 | O13: 1.11 | P13: 1.11 | Q13: 1.11 | R13: 1.11 | S13: 1.11 | T13: 1.11 | U13: 1.11 | V13: 1.11 | W13: 1.11 | X13: 1.11
... A206: =Rates!A206 -> Infant Development Specialist, 1:1 | B206: InfDevSpec | C206: 1.69 | D206: 1.76 | E206: 1.76 | F206: 1.71 | G206: 1.76 | H206: 1.67 | I206: 1.76 | J206: 1.76 | K206: 1.67 | L206: 1.67 | M206: 1.71 | N206: 1.71 | O206: 1.71 | P206: 1.67 | Q206: 1.67 | R206: 1.71 | S206: 1.71 | T206: 1.76 | U206: 1.71 | V206: 1.71 | W206: 1.76 | X206: 1.76
A207: =Rates!A207 -> Respite Service - Family Member
A208: =Rates!A208 -> In-Home Respite Worker
A209: =Rates!A209 -> Self-Directed Support Services | B209: SDSupp | C209: 1.44 | D209: 1.47 | E209: 1.47 | F209: 1.45 | G209: 1.47 | H209: 1.43 | I209: 1.47 | J209: 1.47 | K209: 1.43 | L209: 1.43 | M209: 1.45 | N209: 1.45 | O209: 1.45 | P209: 1.43 | Q209: 1.43 | R209: 1.45 | S209: 1.45 | T209: 1.47 | U209: 1.45 | V209: 1.45 | W209: 1.47 | X209: 1.47
A210: =Rates!A210 -> ASL Training and Support | B210: ASL | C210: 1.3 | D210: 1.32 | E210: 1.32 | F210: 1.3 | G210: 1.32 | H210: 1.29 | I210: 1.32 | J210: 1.32 | K210: 1.29 | L210: 1.29 | M210: 1.3 | N210: 1.3 | O210: 1.3 | P210: 1.29 | Q210: 1.29 | R210: 1.3 | S210: 1.3 | T210: 1.32 | U210: 1.3 | V210: 1.3 | W210: 1.32 | X210: 1.32
A211: =Rates!A211 -> Coordinated Career Pathways - Career Pathway Navigator | B211: CareerPath | C211: 1.44 | D211: 1.46 | E211: 1.46 | F211: 1.44 | G211: 1.46 | H211: 1.43 | I211: 1.46 | J211: 1.46 | K211: 1.43 | L211: 1.43 | M211: 1.44 | N211: 1.44 | O211: 1.44 | P211: 1.43 | Q211: 1.43 | R211: 1.44 | S211: 1.44 | T211: 1.46 | U211: 1.44 | V211: 1.44 | W211: 1.46 | X211: 1.46
A212: =Rates!A212 -> Coordinated Career Pathways - Customized Employment | B212: CustomEmp | C212: 1.39 | D212: 1.41 | E212: 1.41 | F212: 1.4 | G212: 1.41 | H212: 1.39 | I212: 1.41 | J212: 1.41 | K212: 1.39 | L212: 1.39 | M212: 1.4 | N212: 1.4 | O212: 1.4 | P212: 1.39 | Q212: 1.39 | R212: 1.4 | S212: 1.4 | T212: 1.41 | U212: 1.4 | V212: 1.4 | W212: 1.41 | X212: 1.41
A213: =Rates!A213 -> Tailored Day Services | B213: TDS | C213: 1.22 | D213: 1.22 | E213: 1.22 | F213: 1.22 | G213: 1.22 | H213: 1.22 | I213: 1.22 | J213: 1.22 | K213: 1.22 | L213: 1.22 | M213: 1.22 | N213: 1.22 | O213: 1.22 | P213: 1.22 | Q213: 1.22 | R213: 1.22 | S213: 1.22 | T213: 1.22 | U213: 1.22 | V213: 1.22 | W213: 1.22 | X213: 1.22
A214: Coordinated Family Supports | B214: CFS | C214: 1.37 | D214: 1.39 | E214: 1.39 | F214: 1.37 | G214: 1.39 | H214: 1.36 | I214: 1.39 | J214: 1.39 | K214: 1.36 | L214: 1.36 | M214: 1.37 | N214: 1.37 | O214: 1.37 | P214: 1.36 | Q214: 1.36 | R214: 1.37 | S214: 1.37 | T214: 1.39 | U214: 1.37 | V214: 1.37 | W214: 1.39 | X214: 1.39
